 Dungeon Crawl Stone Soup version 0.25-a0-317-g5f8687bca5 (webtiles) character file.

Game seed: 12729877364920729886, levelgen mode: deterministic

67135 treziel the Basher (level 15, -11/96 HPs)
             Began as a Gargoyle Fighter on Dec 26, 2019.
             Was the Champion of Okawaru.
             Mangled by a snapping turtle (16 damage)
             ... on level 2 of the Shoals.
             The game lasted 03:03:35 (32813 turns).

treziel the Basher (Gargoyle Fighter)              Turns: 32813, Time: 03:03:36

Health: -11/96     AC: 34    Str: 27    XL:     15   Next: 22%
Magic:  22/22      EV: 11    Int: 10    God:    Okawaru [******]
Gold:   1546       SH:  7    Dex: 13    Spells: 14/14 levels left

rFire    + . .     SeeInvis .   (no weapon)
rCold    . . .     Gourm    .   P - +0 buckler of Impressiveness {rN+}
rNeg     + + .     Faith    .   c - +2 chain mail {rF+}
rPois    ∞         Spirit   .   O - +0 helmet
rElec    +         Reflect  .   H - +0 cloak
rCorr    .         Harm     .   p - +0 pair of gloves
MR       +....                  S - +2 pair of boots
Stlth    ..........             (no amulet)
HPRegen  0.26/turn              N - +4 ring of slaying
MPRegen  0.18/turn              t - +6 ring of strength

@: about to teleport, flying
A: big wings, negative energy resistance 1, electricity resistance, unbreathing,
petrification resistance, rot immunity, AC +11
a: Stop Flying, Heroism, Finesse, Renounce Religion


You were on level 2 of the Shoals.
You worshipped Okawaru.
Okawaru was exalted by your worship.
You were not hungry.

You visited 7 branches of the dungeon, and saw 29 of its levels.

You collected 1546 gold pieces.

Inventory:

Hand Weapons
 Z - the +7 dire flail of Okawaru's Hope {speed, rN+ Int+4}
   (Okawaru gifted it to you on level 4 of the Lair of Beasts)

   Attacks with this weapon are significantly faster.
   It affects your intelligence (+4).
   It protects you from negative energy.
Missiles
 R - 7 boomerangs of dispersal (quivered)
Armour
 c - a +2 chain mail of fire resistance (worn)
 p - a +0 pair of gloves (worn)
 H - a +0 cloak (worn)
 O - a +0 helmet (worn)
 P - the +0 buckler of Impressiveness (worn) {rN+}
   (Okawaru gifted it to you on level 2 of the Shoals)

   It protects you from negative energy.
 S - a +2 pair of boots (worn)
Jewellery
 t - a +6 ring of strength (right hand)
 y - an uncursed ring of wizardry
 E - an uncursed ring of protection from cold
 N - a +4 ring of slaying (left hand)
Wands
 C - a wand of flame (24)
 D - a wand of paralysis (2)
 G - a wand of disintegration (10)
 J - a wand of iceblast (5)
Scrolls
 b - a scroll of noise
 e - 2 scrolls of random uselessness
 h - 5 scrolls of enchant weapon
 i - 3 scrolls of magic mapping
 k - 4 scrolls of identify
 m - 7 scrolls of remove curse
 r - a scroll of immolation
 u - a scroll of fog
 A - a scroll of amnesia
 K - a scroll of brand weapon
 L - 4 scrolls of enchant armour
 Q - a scroll of summoning
 T - a scroll of holy word
 X - 3 scrolls of torment
Potions
 a - 3 potions of flight
 d - a potion of might
 g - a potion of agility
 j - a potion of brilliance
 l - 4 potions of cancellation
 n - 6 potions of magic
 q - 3 potions of lignification
 s - 5 potions of degeneration
 v - 3 potions of mutation
 w - a potion of invisibility
 B - a potion of ambrosia
 F - 4 potions of curing
 I - 2 potions of berserk rage
Miscellaneous
 V - a box of beasts
Comestibles
 f - 4 rations


   Skills:
 + Level 11.7 Fighting
   Level 1.2 Long Blades
 - Level 14.0 Maces & Flails
 - Level 13.7 Armour
 - Level 5.0 Dodging
 - Level 0.4 Stealth
 - Level 11.0 Shields
 - Level 10.0 Evocations


You had 14 spell levels left.
You didn't know any spells.
Your spell library contained the following spells:

 Spells                   Type           Power        Failure   Level  Hunger
 Animate Skeleton         Necr           N/A          82%         1    ##.....
 Apportation              Tloc           #.....       82%         1    ##.....
 Foxfire                  Conj/Fire      #...         82%         1    ##.....
 Pain                     Necr           #...         82%         1    ##.....
 Shock                    Conj/Air       #...         82%         1    ##.....
 Summon Butterflies       Summ           #.......     82%         1    ##.....
 Swiftness                Chrm/Air       #.......     91%         2    ###....
 Conjure Flame            Conj/Fire      #.......     99%         3    ####...
 Inner Flame              Hex/Fire       #.......     99%         3    ####...
 Lesser Beckoning         Tloc           #.........   99%         3    ####...
 Regeneration             Chrm/Necr      #.........   99%         3    ####...
 Static Discharge         Conj/Air       #.......     99%         3    ####...
 Tukima's Dance           Hex            #.......     99%         3    ####...
 Vampiric Draining        Necr           #.........   99%         3    ####...
 Airstrike                Air            #.........   100%        4    #####..
 Animate Dead             Necr           N/A          100%        4    #####..
 Sticky Flame             Conj/Fire      #.......     100%        4    #####..
 Alistair's Intoxication  Tmut/Pois      #.......     100%        5    ######.
 Fireball                 Conj/Fire      #.........   100%        5    ######.
 Lightning Bolt           Conj/Air       #.........   100%        5    ######.
 Invisibility             Hex            #.......     100%        6    #######


Dungeon Overview and Level Annotations

Branches:
Dungeon (15/15)            Temple (1/1) D:4            Lair (6/6) D:11
 Shoals (4/4) Lair:3       Spider (1/4) Lair:4        Slime (1/5) Lair:5
    Orc (1/2) D:9          Vaults (0/5) D:13
 Depths: D:15

Altars:
Ashenzari
Cheibriados
Dithmenos
Elyvilon
Fedhas
Gozag
Hepliaklqana
Kikubaaqudgha
Makhleb
Nemelex Xobeh
Okawaru
Qazlal
Ru
Sif Muna
Trog
Uskayaw
Vehumet
Xom
Yredelemnul
Zin
Jiyva

Annotations:
D:3 2 transporters
D:9 Psyche
Lair:4 exclusion: oklob plant
Lair:6 Rupert


Innate Abilities, Weirdness & Mutations

You are resistant to torment.
Your stone body is resilient. (AC +11)
You are immune to poison.
Your large and strong wings let you fly indefinitely.
You resist negative energy. (rN+)
You are resistant to electric shocks. (rElec)
You can survive without breathing.
You are immune to petrification.
You are immune to rotting.


Message History

Aiming: Paralyse
Press: ? - help, Shift-Dir - straight line, f - harpy
Aim: a harpy (lightly wounded, chance to defeat MR: 72%)
The harpy suddenly stops moving!
Your extra speed is starting to run out.
There is a stone staircase leading up here.
You fly upwards.
The snapping turtle bites you from afar!
* * * LOW HITPOINT WARNING * * *
There is a stone staircase leading down here.
Aiming: Paralyse
Press: ? - help, Shift-Dir - straight line, f - manticore
Aim: a manticore (chance to defeat MR: 55%)
The manticore resists with significant effort.
You feel yourself slow down.
The snapping turtle bites you but does no damage.
As you read the scroll of teleportation, it crumbles to dust.
You feel strangely unstable.
The snapping turtle bites you from afar!
You die...

≈≈≈≈≈≈≈≈≈≈≈≈≈≈# ≈
≈≈.$≈≈≈≈≈≈≈≈≈≈# ≈≈
...≈≈≈≈≈≈≈≈≈≈# ≈≈≈
...≈≈≈≈≈≈≈≈≈# ≈≈≈≈
#..≈≈≈≈≈≈≈≈#
≈≈≈..###.≈≈≈≈≈≈≈≈≈#
≈≈≈.....≈≈≈≈≈≈≈≈≈≈#
≈≈≈≈...@Ht≈≈≈≈≈≈≈≈#
≈≈≈≈≈≈≈≈≈≈≈≈≈≈≈≈≈≈#
≈≈≈≈≈≈≈≈≈≈≈≈≈≈≈≈≈≈#
...≈≈≈≈≈≈≈≈≈≈≈≈≈≈≈#
##.≈≈≈≈≈≈≈≈≈≈≈≈≈≈≈#
##≈≈≈≈≈≈≈≈≈≈≈≈≈≈≈#
..≈≈≈≈≈≈≈≈≈≈≈≈≈≈≈#
...≈≈≈≈≈≈≈≈≈≈≈≈≈≈#
.≈≈≈≈≈≈≈≈≈≈≈≈≈#


You could see a snapping turtle and a manticore.

Vanquished Creatures
  Josephine (D:10)
  A vault guard (D:13)
  4 hydras
  A merfolk avatar (Shoals:2)
  3 centaur warriors
  3 two-headed ogres
  4 sea snakes (Shoals:1)
  4 harpies (Shoals:1)
  A wolf spider zombie (D:15)
  2 fauns (Shoals:1)
  15 ugly things
  2 wolf spiders (Lair:6)
  2 manticores
  A guardian serpent (Lair:6)
  A merfolk siren (Shoals:1)
  8 black mambas
  13 spiny frogs
  A torpor snail (Lair:6)
  A centaur skeleton (D:13)
  2 kobold demonologists
  2 komodo dragons
  2 tengu conjurers (D:15)
  5 merfolk
  A redback zombie (D:15)
  2 meliai (D:15)
  5 trolls
  5 jumping spiders (Lair:4)
  2 hornets (Lair:6)
  A polar bear (Lair:6)
  A wind drake (Shoals:1)
  4 blink frogs (Lair:4)
  8 slime creatures
  7 dream sheep (Lair:4)
  2 snapping turtles
  9 hippogriffs
  2 shadows
  5 wraiths
  5 redbacks
  12 wyverns
  2 basilisks
  40 yaks
  A hungry ghost (D:9)
  4 wargs (Orc:1)
  7 vampire mosquitoes
  3 acid dragons
  Duvessa (D:4)
  9 porcupines
  22 water moccasins
  2 ice beasts
  5 black bears (D:11)
  7 orc warriors
  2 sky beasts
  An eye of draining (D:12)
  3 phantoms
  A necrophage (D:10)
  20 wolves
  23 centaurs
  7 ogres
  16 crocodiles
  2 big kobolds
  12 bullfrogs
  Dowan (D:4)
  A hornet simulacrum (D:15)
  A scorpion (D:12)
  6 wights
  3 howler monkeys
  22 killer bees
  3 crimson imps
  4 jellies
  2 bullfrog skeletons
  5 hounds
  A bullfrog zombie (D:11)
  5 orc priests
  3 centaur zombies
  A gnoll shaman (D:7)
  5 orc wizards
  3 iguanas
  9 worker ants
  A hound skeleton (D:10)
  A howler monkey zombie (D:6)
  2 worker ant zombies
  7 gnolls
  9 adders
  5 shadow imps
  An ooze (D:1)
  An adder skeleton (D:3)
  An adder zombie (D:7)
  A worm (D:3)
  12 dart slugs
  3 leopard geckos
  45 orcs
  A ball python (D:3)
  8 bats
  13 giant cockroaches
  7 goblins
  5 hobgoblins
  10 jackals
  16 kobolds
  3 quokkas (D:6)
  12 frilled lizards
  2 giant cockroach zombies (D:3)
  A jackal zombie (D:3)
  A leopard gecko skeleton (D:3)
  A leopard gecko zombie (D:7)
  A quokka skeleton (D:3)
  11 rats
  A fungus (Lair:3)
  6 plants
603 creatures vanquished.

Vanquished Creatures (collateral kills)
  An ugly thing (D:13)
  A wyvern (Lair:6)
  A fungus (Lair:6)
3 creatures vanquished.

Vanquished Creatures (others)
  An unseen horror (D:14)
  2 bushes
  19 fungi
  35 plants
57 creatures vanquished.

Grand Total: 663 creatures vanquished

Notes
Turn   | Place    | Note
-------+----------+-------------------------------------------
     0 | D:1      | treziel the Gargoyle Fighter began the quest for the Orb.
     0 | D:1      | Reached XP level 1. HP: 14/14 MP: 1/1
   159 | D:1      | Reached XP level 2. HP: 19/19 MP: 2/2
   451 | D:1      | Reached XP level 3. HP: 23/23 MP: 3/3
  1301 | D:2      | Found a shadowy altar of Dithmenos.
  1413 | D:2      | Reached XP level 4. HP: 28/28 MP: 4/4
  1440 | D:2      | Found an opulent altar of Gozag.
  1708 | D:2      | Reached skill level 1 in Long Blades
  1902 | D:3      | Reached skill level 1 in Dodging
  1989 | D:3      | Found a transporter.
  1989 | D:3      | Found a transporter.
  2026 | D:3      | Reached skill level 3 in Maces & Flails
  2034 | D:3      | Reached XP level 5. HP: 27/32 MP: 5/5
  2316 | D:3      | Found a shimmering blue altar of Sif Muna.
  2568 | D:3      | Found a bloodstained altar of Trog.
  2851 | D:4      | Found a staircase to the Ecumenical Temple.
  2880 | Temple   | Entered the Ecumenical Temple
  3183 | Temple   | Became a worshipper of Warmaster Okawaru
  3230 | D:4      | Noticed an ogre
  3267 | D:5      | Entered Level 5 of the Dungeon
  3271 | D:5      | Noticed an ice beast
  3299 | D:5      | Killed an ice beast
  3299 | D:5      | Reached skill level 4 in Maces & Flails
  3299 | D:5      | Reached XP level 6. HP: 29/37 MP: 6/6
  3406 | D:4      | Reached * piety under Okawaru
  3406 | D:4      | Reached skill level 5 in Maces & Flails
  3406 | D:4      | Reached XP level 7. HP: 34/42 MP: 7/7
  3903 | D:4      | Noticed Duvessa
  3910 | D:4      | Noticed Dowan
  3921 | D:4      | Killed Duvessa
  3921 | D:4      | Reached skill level 6 in Maces & Flails
  3927 | D:4      | Killed Dowan
  4057 | D:4      | Found a hide-covered altar of Uskayaw.
  4265 | D:5      | Reached skill level 5 in Armour
  4377 | D:5      | Found an opulent altar of Gozag.
  4524 | D:5      | Found a burning altar of Makhleb.
  4525 | D:5      | Found an ancient bone altar of Kikubaaqudgha.
  4704 | D:5      | Found a basalt altar of Yredelemnul.
  4757 | D:5      | Got a fine ring mail
  4768 | D:5      | Identified the +1 ring mail of Etoussei {MR- Regen+ Dex+2}
                  | (You found it on level 5 of the Dungeon)
  5105 | D:6      | Reached skill level 1 in Evocations
  5105 | D:6      | Reached XP level 8. HP: 48/48 MP: 7/9
  5277 | D:6      | Reached ** piety under Okawaru
  6171 | D:7      | Found a bloodstained altar of Trog.
  6850 | D:7      | Reached XP level 9. HP: 46/52 MP: 12/12
  6901 | D:7      | Reached *** piety under Okawaru
  6901 | D:7      | Reached skill level 5 in Dodging
  7026 | D:7      | Reached skill level 7 in Maces & Flails
  7134 | D:7      | Found a stormy altar of Qazlal.
  7274 | D:7      | Found a hazy altar of Hepliaklqana.
  7845 | D:9      | Found a sacrificial altar of Ru.
  8002 | D:9      | Found a staircase to the Orcish Mines.
  8024 | D:9      | Reached skill level 8 in Maces & Flails
  8226 | D:9      | Noticed a two-headed ogre
  8240 | D:9      | Killed a two-headed ogre
  8240 | D:9      | Reached skill level 9 in Maces & Flails
  8395 | D:9      | Noticed Psyche
  8418 | D:10     | Entered Level 10 of the Dungeon
  8457 | D:10     | Reached XP level 10. HP: 49/57 MP: 13/13
  8596 | D:10     | Reached skill level 10 in Maces & Flails
  8618 | D:10     | Reached **** piety under Okawaru
  9194 | D:10     | Reached skill level 11 in Maces & Flails
  9611 | D:10     | Reached ***** piety under Okawaru
 10028 | D:11     | Noticed Josephine
 10542 | Orc:1    | Entered Level 1 of the Orcish Mines
 10675 | Orc:1    | Reached XP level 11. HP: 48/61 MP: 14/14
 10704 | Orc:1    | Noticed an orc knight
 10796 | D:10     | Reached skill level 5 in Fighting
 10812 | D:10     | Killed Josephine
 11132 | D:11     | Noticed a cyan ugly thing
 11295 | D:11     | Killed a cyan ugly thing
 11608 | D:11     | Received a gift from Okawaru
 12159 | D:11     | Got a brightly glowing cloak {god gift}
 12170 | D:11     | Identified the -4 cloak of the Gate {rCorr Int+2} (Okawaru
                  | gifted it to you on level 11 of the Dungeon)
 12254 | D:11     | Reached skill level 10 in Fighting
 12271 | D:11     | Reached skill level 12 in Maces & Flails
 12475 | D:11     | Found a staircase to the Lair.
 13112 | D:12     | Reached XP level 12. HP: 33/77 MP: 15/15
 13120 | D:12     | Reached ****** piety under Okawaru
 13709 | Lair:1   | Entered Level 1 of the Lair of Beasts
 14051 | Lair:1   | Reached skill level 13 in Maces & Flails
 14310 | Lair:1   | Noticed an eight-headed hydra
 14905 | Lair:2   | Received a gift from Okawaru
 15219 | Lair:2   | Found a frozen archway.
 15955 | Lair:3   | Reached skill level 14 in Maces & Flails
 16268 | Lair:3   | Reached skill level 5 in Shields
 16634 | Lair:3   | Found a staircase to the Shoals.
 17147 | Lair:4   | Noticed a death yak
 17327 | Lair:4   | Received a gift from Okawaru
 17416 | Lair:4   | Got a crude dire flail {god gift}
 17422 | Lair:4   | Identified the +7 dire flail of Okawaru's Hope {speed, rN+
                  | Int+4} (Okawaru gifted it to you on level 4 of the Lair of
                  | Beasts)
 17466 | Lair:4   | Found a hole to the Spider Nest.
 17476 | Lair:4   | Reached XP level 13. HP: 67/82 MP: 16/16
 17588 | Lair:4   | Received a gift from Okawaru
 17804 | Lair:4   | Reached skill level 10 in Shields
 19439 | Lair:5   | Found a staircase to the Slime Pits.
 19439 | Lair:5   | Found a viscous altar of Jiyva.
 19604 | Lair:6   | Entered Level 6 of the Lair of Beasts
 19752 | Lair:6   | Reached skill level 5 in Evocations
 20152 | Lair:6   | Noticed Rupert
 22712 | D:15     | Entered Level 15 of the Dungeon
 23288 | D:14     | Gained mutation: Your large and strong wings let you fly
                  | indefinitely. [Gargoyle growth]
 23288 | D:14     | Reached XP level 14. HP: 40/88 MP: 20/20
 24306 | D:15     | Received a gift from Okawaru
 25000 | D:15     | Reached skill level 10 in Evocations
 25296 | D:15     | Reached skill level 10 in Armour
 28052 | Lair:6   | Received a gift from Okawaru
 28053 | Lair:6   | Got a steaming chain mail {god gift}
 28064 | Lair:6   | Identified the +0 chain mail of Vuttaus {rF+ rC++ Regen+
                  | Str-5} (Okawaru gifted it to you on level 6 of the Lair of
                  | Beasts)
 28364 | Lair:5   | Identified a scroll of acquirement
 28370 | Lair:5   | Got an ancient buckler
 28381 | Lair:5   | Identified the +2 buckler "Zoquoghati" {MR+} (You acquired
                  | it on level 5 of the Lair of Beasts)
 28454 | Slime:1  | Entered Level 1 of the Pits of Slime
 29023 | D:14     | HP: 3/88 [acid (6)]
 30538 | D:13     | Found a gate to the Vaults.
 30935 | Spider:1 | Entered Level 1 of the Spider Nest
 30935 | Spider:1 | Noticed an entropy weaver
 30997 | Shoals:1 | Entered Level 1 of the Shoals
 31012 | Shoals:1 | Reached XP level 15. HP: 75/92 MP: 22/22
 32463 | Shoals:2 | Received a gift from Okawaru
 32477 | Shoals:2 | Got a pitted buckler {god gift}
 32484 | Shoals:2 | Identified the +0 buckler of Impressiveness {rN+} (Okawaru
                  | gifted it to you on level 2 of the Shoals)
 32723 | Shoals:4 | Entered Level 4 of the Shoals
 32813 | Shoals:2 | Mangled by a snapping turtle

Levels and vault maps discovered:
D:1:      scummos_arrival_gate, layout_basic
D:2:      layout_loops_cross, lemuel_coloured_pillars_altar, first_ration,
          nicolae_gozag_cash_rules_everything_around_me
D:3:      layout_loops_ring, led_sif_book, gammafunk_temple_overflow_arena,
          serial_undead, serial_undead_d, serial_undead_b, serial_undead_b,
          serial_undead_d
D:4:      kennysheep_slugbush, layout_basic, eat_drink_and_be_merry_uskayaw,
          minmay_temple_entry_crystal_x, uniq_duvessa
D:5:      layout_loops_ring, marbit_many_paths, nicolae_overflow_hidden_temple
D:6:      layout_basic
D:7:      layout_cave_pods, nicolae_qazlal_general_emergency,
          nicolae_overflow_crystal_walls, basic_altar
D:8:      layout_basic
D:9:      layout_basic, nicolae_ru_great_annihilating_truth, tso_altar,
          uniq_psyche
D:10:     layout_gridville
D:11:     layout_cave_pools, minmay_lair_entry_grove, uniq_josephine
D:12:     layout_stronghold, gauntlet_entry_generic
D:13:     layout_roguey, david_vaults_5
D:14:     layout_layer_cave, minmay_misc_feat_tiny
D:15:     grunt_enter_depths_hoard, layout_long_grid, minivault_14, uniq_kirke
Temple:   compressed_dpeg_triangle_lava_temple
Lair:1:   layout_hall_layers
Lair:2:   layout_regular_city, portal_ice_cave_entry_pillars_2
Lair:3:   layout_roguey, shoals_dummy_entry, nicolae_volcano_entry_s_turn,
          beast_lair_carwin_2, grunt_megastairs_5
Lair:4:   layout_loops_ring, nicolae_spider_entry_tight_spaces, serial_forest,
          infiniplex_forest_straight_1, infiniplex_forest_clump_curved,
          infiniplex_forest_clump_long, infiniplex_forest_clump_small,
          infiniplex_forest_straight_3, infiniplex_forest_lined_2,
          infiniplex_forest_clump_curved, serial_bayou_pond_e
Lair:5:   layout_hall_layers, slime_altar_1, serial_rivers,
          chequers_serial_rivers_room_a, chequers_serial_rivers_small_b,
          chequers_serial_rivers_micro_d, chequers_serial_rivers_micro_b,
          chequers_serial_rivers_micro_b, chequers_serial_rivers_small_b,
          chequers_serial_rivers_large_b
Lair:6:   hangedman_lair_tendril_chambers, layout_regular_city, uniq_rupert
Shoals:1: layout_shoals, nicolae_shoals_arrival_archipelago
Shoals:2: layout_shoals
Shoals:3: layout_shoals, argonaut_gorgonesque
Shoals:4: shoals_end_simple, layout_shoals, nicolae_shoals_square_sea_wall,
          uniq_roxanne
Spider:1: layout_spider_delve, ebering_ghost_inner_flame, guppyfry_hornet_nest,
          uniq_aizul
Slime:1:  layout_caves
Orc:1:    cheibrodos_orc_guarddog, layout_diamond_mine

Skill      XL: |  1  2  3  4  5  6  7  8  9 10 11 12 13 14 15 |
---------------+----------------------------------------------+-----
Long Blades    | 1 |  1.2
Dodging        | 1 4 5 |  5.0
Maces & Flails | 3 4 5 6 9 11 12 14 | 14.0
Armour         | 4 5 6 8 9 13 | 13.7
Fighting       | 4 10 11 | 11.7
Evocations     | 1 4 9 10 | 10.0
Shields        | 8 11 | 11.0
Stealth        | |  0.4

Action                   |  1- 3 |  4- 6 |  7- 9 | 10-12 | 13-15 || total
-------------------------+-------+-------+-------+-------+-------++-------
Melee: Flail             |    79 |       |       |       |       ||    79
       Scimitar          |    55 |    46 |       |       |       ||   101
       Mace              |       |   122 |   388 |  1451 |  1646 ||  3607
       Dire flail        |       |       |       |     8 |   249 ||   257
       Unarmed           |       |       |       |       |    40 ||    40
Invok: Heroism           |       |       |     2 |     5 |     3 ||    10
       Finesse           |       |       |       |     1 |     1 ||     2
 Abil: Fly               |       |       |       |       |     1 ||     1
Evoke: Wand              |       |       |       |     8 |     4 ||    12
       Box of beasts     |       |       |       |       |     2 ||     2
  Use: Scroll            |     1 |     8 |     6 |     9 |    30 ||    54
       Potion            |       |     3 |       |       |    15 ||    18
 Stab: Paralysed         |       |       |     2 |       |       ||     2
  Eat: Chunk             |     2 |     7 |    15 |    12 |     8 ||    44
       Ration            |       |       |     1 |     5 |    13 ||    19
Armor: Scale mail        |    97 |    74 |       |       |       ||   171
       Chain mail        |       |    14 |    10 |       |  1917 ||  1941
       Plate armour      |       |       |   220 |   901 |    75 ||  1196
Dodge: Dodged            |    41 |    63 |    85 |   370 |   948 ||  1507
Block: Shield            |    75 |   101 |   190 |   793 |       ||  1159
       Buckler           |       |       |       |       |   782 ||   782
       Rpst.: Scimitar   |     4 |     4 |       |       |       ||     8

Table legend:
 A = Non-vault XP
 B = Vault XP
 C = Vault XP percentage of total XP
 D = Non-vault monster count
 E = Vault monster count
 F = Vault count percentage of total count
                 A         B        C        D         E       F
            +---------+---------+-------+---------+---------+-------
      Total |   78966 |   16942 |  17.7 |     511 |      88 |  14.7
            +---------+---------+-------+---------+---------+-------
        D:1 |      51 |       0 |   0.0 |      28 |       0 |   0.0
        D:2 |      48 |       0 |   0.0 |      26 |       0 |   0.0
        D:3 |      62 |      49 |  44.1 |      25 |       6 |  19.4
        D:4 |     266 |     257 |  49.1 |      10 |      11 |  52.4
        D:5 |     404 |       3 |   0.7 |       8 |       1 |  11.1
        D:6 |     667 |       0 |   0.0 |      16 |       0 |   0.0
        D:7 |    1107 |       0 |   0.0 |      30 |       0 |   0.0
        D:8 |     375 |       0 |   0.0 |      13 |       0 |   0.0
        D:9 |    1816 |      57 |   3.0 |      17 |       4 |  19.0
       D:10 |    2921 |    1681 |  36.5 |      46 |       4 |   8.0
       D:11 |    5345 |    1533 |  22.3 |      36 |      12 |  25.0
       D:12 |    4579 |       0 |   0.0 |      34 |       0 |   0.0
       D:13 |    7738 |    1013 |  11.6 |      33 |       1 |   2.9
       D:14 |    7451 |       0 |   0.0 |      21 |       0 |   0.0
       D:15 |    7366 |       0 |   0.0 |      19 |       0 |   0.0
     Lair:1 |    1511 |       0 |   0.0 |       7 |       0 |   0.0
     Lair:2 |    2518 |       0 |   0.0 |      11 |       0 |   0.0
     Lair:3 |    3433 |     709 |  17.1 |      24 |       6 |  20.0
     Lair:4 |    6686 |    1714 |  20.4 |      24 |       6 |  20.0
     Lair:5 |    3180 |     218 |   6.4 |      18 |       1 |   5.3
     Lair:6 |   10601 |    9229 |  46.5 |      36 |      33 |  47.8
   Shoals:1 |    8783 |       0 |   0.0 |      17 |       0 |   0.0
   Shoals:2 |    1486 |       0 |   0.0 |       3 |       0 |   0.0
      Orc:1 |     572 |     479 |  45.6 |       9 |       3 |  25.0
            +---------+---------+-------+---------+---------+-------
